 Dungeon Crawl Stone Soup version 0.31.0-11-ge490571c62 (webtiles) character file.

Game seed: 16202224611117271021

96 qw the Shooter (level 4, -9/25 HPs)
             Began as a Deep Elf Hunter on Feb 5, 2024.
             Mangled by a gnoll
             ... wielding a +2 flail of protection
              (11 damage)
             ... on level 3 of the Dungeon.
             The game lasted 00:00:39 (1812 turns).

qw the Shooter (Deep Elf Hunter)                    Turns: 1812, Time: 00:00:40

Health: -9/25      AC:  3    Str: 10    XL:     4   Next: 41%
Magic:  0/6        EV: 12    Int: 14    God:
Gold:   153        SH:  0    Dex: 18    Spells: 3/3 levels left

rFire   . . .        b - +0 orcbow
rCold   . . .        (shield currently unavailable)
rNeg    . . .        c - +0 leather armour
rPois   .            (no helmet)
rElec   .            (no cloak)
rCorr   +            (no gloves)
SInv    .            (no boots)
Will    .....        e - amulet of guardian spirit
Stlth   ++           a - ring of resist corrosion
HPRegen 0.24/turn    (no ring)
MPRegen 0.10/turn

%: guardian spirit
@: lethally poisoned (-9 -> -13)
A: no striking features
a: no special abilities


You were on level 3 of the Dungeon.
You visited 1 branch of the dungeon, and saw 3 of its levels.

You collected 153 gold pieces.


   Skills:
 - Level 1.5 Fighting
 + Level 7.8 Ranged Weapons
 - Level 2.4 Dodging
 - Level 1.2 Stealth


You had 3 spell levels left.
You didn't know any spells.
Your spell library was empty.

Inventory:

Hand Weapons
 b - a +0 orcbow (weapon)
Armour
 c - a +0 leather armour (worn)
 h - a +0 ring mail
Jewellery
 a - a ring of resist corrosion (left hand)
 e - an amulet of guardian spirit (around neck)
 i - a ring of ice
Scrolls
 j - 2 scrolls of identify
Potions
 d - 2 potions of curing
 f - a potion of degeneration {unknown}
 g - a potion of ambrosia {unknown}

Dungeon Overview and Level Annotations

Branches:
Dungeon (3/15)

Altars:
Fedhas
Trog

Annotations:
D:3 Jessica


Message History

Jessica casts a spell.
Jessica blinks!
The wizard is engulfed in blazing flames.
The adder barely misses you.
The wizard is engulfed in blazing flames.
A rat comes into view.
You shoot an arrow. The rat squeaks loudly.
The arrow hits the adder.
The adder is severely wounded.
You feel sick. The adder closely misses you. The adder bites you.
The wizard is engulfed in blazing flames.
The adder bites you but does no damage.
Enter note:
Enter note:
Enter note:
Enter note:
1809 ||| RETREEEEATING.
You feel yourself speed up.
You feel sick. The kobold attacks as it pursues you!
The kobold barely misses you.
The wizard is engulfed in blazing flames.
The wizard dies!
The kobold hits you but does no damage.
You are more poisoned.
You shoot an arrow. The arrow hits the kobold!
You kill the kobold!
You feel very sick. The gnoll closely misses you.
You shoot an arrow. The arrow hits the gnoll.
The gnoll is moderately wounded.
You feel sick. The gnoll hits you with a +0 whip. The gnoll closely misses you.
You shoot an arrow. The arrow hits the gnoll!
You kill the gnoll!
You feel sick.
The gnoll hits you from afar with a +0 spear.
Jessica casts a spell.
Jessica blinks!
The gnoll hits you with a +2 flail of protection!
You die...

#..............................#.
#..............................#.
#...............%..............#.
#.........................##+##..
#.................. ...... ..
#................## ##### #..
#........@.......# ..... ...
#..........%..¤###...### ...
..............rg@.._.#¤#
..........g###...###
.............# .....
............>#######
...................
...................
........[.r........
.............g.....
..........?........


You could see 2 gnolls, Jessica and a rat.

Vanquished Creatures
  5 gnolls
  2 adders (D:3)
  A dart slug (D:1)
  A ribbon worm (D:3)
  A bat (D:1)
  3 endoplasms
  2 giant cockroaches
  3 hobgoblins
  5 jackals
  5 kobolds
  A ball python (D:3)
  A frilled lizard (D:1)
  4 goblins
  4 rats
38 creatures vanquished.

Vanquished Creatures (others)
  An arcanist (D:3)
1 creature vanquished.

Grand Total: 39 creatures vanquished

Notes
Turn   | Place    | Note
-------+----------+-------------------------------------------
     0 | D:1      | qw the Deep Elf Hunter began the quest for the Orb.
     0 | D:1      | Reached XP level 1. HP: 12/12 MP: 3/3
     0 | D:1      | 0 ||| qw: Version: 0.3-a-160-g6735b56
     0 | D:1      | 0 ||| qw: Game counter: 6541
     0 | D:1      | 0 ||| qw: Melee chars always use a shield: true
     0 | D:1      | 0 ||| qw: God list: Okawaru
     0 | D:1      | 0 ||| qw: Allow faded altars: false
     0 | D:1      | 0 ||| qw: Do Orc after clearing Dungeon:15 true
     0 | D:1      | 0 ||| qw: Do second Lair branch before Depths: true
     0 | D:1      | 0 ||| qw: Lair rune preference: random
     0 | D:1      | 0 ||| qw: Goals: Normal
     0 | D:1      | 0 ||| PLANNING D:1-11
   249 | D:1      | Reached skill level 6 in Ranged Weapons
   249 | D:1      | Reached XP level 2. HP: 16/16 MP: 4/4
   586 | D:1      | 586 ||| DROPPING ring of magical power.
   587 | D:1      | 587 ||| READING scroll labelled FEUVAASYPU.
   587 | D:1      | 587 ||| IDENTIFYING viscous clear potion
   588 | D:1      | 588 ||| READING scroll labelled HAELAU ZICRAIL.
   591 | D:1      | 591 ||| DROPPING scroll of butterflies.
   866 | D:2      | 866 ||| SWAPPING to +0 orcbow.
   921 | D:2      | 921 ||| DROPPING +0 shortbow.
   924 | D:2      | Found a faded altar of an unknown god.
  1153 | D:2      | 1153 ||| RETREEEEATING.
  1157 | D:2      | Reached XP level 3. HP: 20/20 MP: 5/5
  1164 | D:2      | Reached skill level 7 in Ranged Weapons
  1488 | D:2      | 1488 ||| UPGRADING to amulet of guardian spirit.
  1493 | D:2      | 1493 ||| UPGRADING to ring of resist corrosion.
  1494 | D:2      | 1494 ||| DRINKING 2 fuming coppery potions.
  1518 | D:2      | 1518 ||| DROPPING potion of lignification.
  1557 | D:3      | Found a blossoming altar of Fedhas.
  1610 | D:3      | Reached XP level 4. HP: 25/25 MP: 6/6
  1787 | D:3      | Found a bloodstained altar of Trog.
  1794 | D:3      | Noticed Jessica
  1798 | D:3      | 1798 ||| RETREEEEATING.
  1799 | D:3      | 1799 ||| RETREEEEATING.
  1800 | D:3      | 1800 ||| RETREEEEATING.
  1801 | D:3      | 1801 ||| RETREEEEATING.
  1802 | D:3      | 1802 ||| RETREEEEATING.
  1803 | D:3      | 1803 ||| RETREEEEATING.
  1804 | D:3      | 1804 ||| RETREEEEATING.
  1804 | D:3      | Noticed a wizard
  1809 | D:3      | 1809 ||| RETREEEEATING.
  1809 | D:3      | Killed a wizard
  1812 | D:3      | HP: 5/25 [poisoned by a kobold]
  1812 | D:3      | HP: 2/25 [gnoll/+0 spear (3)]
  1812 | D:3      | Mangled by a gnoll

Levels and vault maps discovered:
D:1:      beargit_arrival_greenhouse, layout_loops_ring
D:2:      layout_loops_corners, hellmonk_ecumenical_altar_dog_temple
D:3:      layout_basic, mainiacjoe_overflow_paths, trog_wizard,
          mainiacjoe_overflow_small_starburst, nicolae_uskayaw_en_pointe,
          uniq_jessica

Skill      XL: |  1  2  3 |
---------------+----------+-----
Ranged Weapons | 6 7 |  7.8
Fighting       | |  1.5
Dodging        | |  2.4
Stealth        | |  1.2

Action                     |  1- 3 |  4- 6 || total
---------------------------+-------+-------++-------
   Fire: Shortbow          |    26 |       ||    26
         Orcbow            |    37 |    38 ||    75
    Use: Scroll            |     2 |       ||     2
         Potion            |     1 |       ||     1
 Armour: Leather armour    |    15 |    20 ||    35
  Dodge: Dodged            |    14 |    25 ||    39

Table legend:
 A = Non-vault XP
 B = Vault XP
 C = Vault XP percentage of total XP
 D = Non-vault monster count
 E = Vault monster count
 F = Vault count percentage of total count
                 A         B        C        D         E       F
            +---------+---------+-------+---------+---------+-------
      Total |     147 |       6 |   3.9 |      35 |       3 |   7.9
            +---------+---------+-------+---------+---------+-------
        D:1 |      21 |       0 |   0.0 |      12 |       0 |   0.0
        D:2 |      68 |       6 |   8.1 |      11 |       3 |  21.4
        D:3 |      58 |       0 |   0.0 |      12 |       0 |   0.0
            +---------+---------+-------+---------+---------+-------
